[ AOE2 MATCH · #513795302 ]
UnrankedPortuguese vs Cumans
Player's team · LOSS
Rival team · WIN
[ REPLAY ANALYSIS · EXTRACTED FROM THE RECORDED GAME ]
Feudal
9:18
Castle
22:27
Imperial
51:54
| APM avg | 31.5 |
| APM peak | 78 |
| eAPM avg | 19.0 |
| Villagers / military | 112 / 205 |
Focus
⚔️ 27.2% · 🌾 72.8%
Knight ×96 · Spearman ×52 · Organ Gun ×26 · Archer ×9 · Scout Cavalry ×8 · Skirmisher ×7
Feudal
9:55
Castle
25:37
Imperial
45:22
| APM avg | 29.7 |
| APM peak | 57 |
| eAPM avg | 19.0 |
| Villagers / military | 151 / 188 |
Focus
⚔️ 35.3% · 🌾 64.7%
Knight ×123 · Scout Cavalry ×24 · Battering Ram ×23 · Archer ×5 · Militia ×4 · Monk ×3
Match map
Initial resources + every placement click. Lines = walls · curves = elevation contours. ◆ gold · ⬟ stone · ● berries · ✦ relic · ◌ wall gap
Your base· ✓ Closed at 22:27 · 39t walls · 1 gate(s)
[GRR] Lemmit's base· ✓ Closed at 25:37 · 61t walls · 1 gate(s)
Smoothed initial terrain · ◌ = detected wall gap · hover for details
Inputs per minute
— matej - - [GRR] Lemmit
Build order — matej
First 150 of 439 actions detected
| 0:00 | Queue | Villager (Male) |
| 0:00 | Queue | Villager (Male) |
| 0:02 | Build | House |
| 0:03 | Build | House |
| 0:23 | Queue | Villager (Male) |
| 0:39 | Queue | Villager (Male) |
| 1:41 | Queue | Villager (Male) |
| 1:52 | Build | Lumber Camp |
| 2:05 | Queue | Villager (Male) |
| 2:05 | Queue | Villager (Male) |
| 2:52 | Queue | Villager (Male) |
| 3:24 | Queue | Villager (Male) |
| 3:48 | Queue | Villager (Male) |
| 3:56 | Build | Mill |
| 4:02 | Build | House |
| 4:09 | Queue | Villager (Male) |
| 4:33 | Queue | Villager (Male) |
| 4:33 | Queue | Villager (Male) |
| 5:24 | Queue | Villager (Male) |
| 5:24 | Queue | Villager (Male) |
| 5:25 | Queue | Villager (Male) |
| 5:44 | Build | Mill |
| 6:44 | Queue | Villager (Male) |
| 6:46 | Research | Loom |
| 7:08 | Research | Feudal Age |
| 7:23 | Queue | Villager (Male) |
| 7:27 | Build | House |
| 8:09 | Build | Barracks |
| 8:17 | Build | Palisade Wall |
| 8:25 | Build | Palisade Wall |
| 8:33 | Queue | Villager (Male) |
| 9:18 | Age | Feudal Age |
| 9:24 | Build | Stable |
| 9:32 | Research | Double-Bit Axe |
| 10:02 | Queue | Scout Cavalry |
| 10:02 | Queue | Scout Cavalry |
| 10:18 | Build | Palisade Gate |
| 10:21 | Build | House |
| 10:50 | Queue | Scout Cavalry |
| 10:57 | Build | Archery Range |
| 11:03 | Queue | Scout Cavalry |
| 11:19 | Queue | Villager (Male) |
| 11:19 | Queue | Villager (Male) |
| 11:21 | Build | Mining Camp |
| 11:47 | Build | House |
| 11:49 | Build | House |
| 11:58 | Queue | Villager (Male) |
| 12:00 | Queue | Archer |
| 12:14 | Queue | Villager (Male) |
| 12:25 | Queue | Villager (Male) |
| 12:32 | Build | Farm |
| 12:33 | Build | Farm |
| 12:37 | Build | House |
| 12:48 | Build | Farm |
| 12:49 | Build | Farm |
| 12:52 | Build | Farm |
| 12:53 | Build | Farm |
| 12:54 | Queue | Villager (Male) |
| 12:57 | Queue | Archer |
| 13:10 | Queue | Villager (Male) |
| 13:13 | Build | Farm |
| 13:15 | Build | Farm |
| 13:18 | Queue | Archer |
| 13:22 | Queue | Skirmisher |
| 13:37 | Build | Palisade Wall |
| 13:39 | Build | Palisade Wall |
| 13:42 | Queue | Villager (Male) |
| 13:50 | Queue | Villager (Male) |
| 14:20 | Build | Blacksmith |
| 14:24 | Build | Palisade Wall |
| 14:34 | Build | Palisade Wall |
| 14:36 | Queue | Villager (Male) |
| 14:42 | Queue | Skirmisher |
| 14:45 | Queue | Archer |
| 14:57 | Build | House |
| 15:03 | Queue | Archer |
| 15:08 | Queue | Scout Cavalry |
| 15:09 | Queue | Scout Cavalry |
| 15:15 | Research | Fletching |
| 15:15 | Research | Fletching |
| 15:22 | Queue | Archer |
| 15:22 | Queue | Archer |
| 15:56 | Queue | Scout Cavalry |
| 16:11 | Queue | Archer |
| 16:13 | Queue | Villager (Male) |
| 16:17 | Build | Farm |
| 16:21 | Build | House |
| 16:22 | Build | House |
| 16:39 | Queue | Villager (Male) |
| 16:42 | Build | Farm |
| 16:45 | Build | Farm |
| 16:48 | Queue | Villager (Male) |
| 17:17 | Queue | Archer |
| 17:20 | Build | Farm |
| 17:21 | Queue | Villager (Male) |
| 17:27 | Build | Farm |
| 17:41 | Build | Farm |
| 17:44 | Queue | Villager (Male) |
| 18:02 | Build | Market |
| 18:05 | Build | Farm |
| 18:29 | Queue | Villager (Male) |
| 18:30 | Queue | Villager (Male) |
| 18:36 | Build | Farm |
| 19:06 | Build | Mining Camp |
| 19:18 | Queue | Villager (Male) |
| 19:47 | Research | Castle Age |
| 19:56 | Research | Padded Archer Armor |
| 20:11 | Research | Padded Archer Armor |
| 20:11 | Research | Padded Archer Armor |
| 20:13 | Queue | Villager (Male) |
| 20:27 | Research | Stone Mining |
| 20:45 | Build | Mining Camp |
| 20:52 | Research | Horse Collar |
| 21:15 | Queue | Skirmisher |
| 21:15 | Queue | Skirmisher |
| 21:16 | Queue | Skirmisher |
| 21:16 | Queue | Skirmisher |
| 21:25 | Build | Stable |
| 21:32 | Build | Farm |
| 21:36 | Queue | Villager (Male) |
| 21:52 | Build | Farm |
| 22:09 | Build | House |
| 22:20 | Build | Farm |
| 22:27 | Age | Castle Age |
| 22:37 | Build | Castle |
| 22:56 | Queue | Villager (Male) |
| 22:56 | Queue | Villager (Male) |
| 23:15 | Queue | Skirmisher |
| 23:17 | Queue | Knight |
| 23:17 | Queue | Knight |
| 23:50 | Build | Farm |
| 23:56 | Build | Farm |
| 24:33 | Build | Castle |
| 24:50 | Queue | Villager (Male) |
| 24:50 | Queue | Villager (Male) |
| 24:50 | Queue | Villager (Male) |
| 24:51 | Queue | Villager (Male) |
| 25:44 | Build | Castle |
| 25:46 | Queue | Organ Gun |
| 25:57 | Queue | Villager (Male) |
| 25:58 | Queue | Villager (Male) |
| 26:01 | Queue | Knight |
| 26:23 | Queue | Knight |
| 26:46 | Queue | Villager (Male) |
| 27:11 | Build | Lumber Camp |
| 27:18 | Queue | Villager (Male) |
| 27:28 | Queue | Villager (Male) |
| 27:47 | Build | Farm |
| 27:51 | Build | Farm |
| 27:59 | Queue | Organ Gun |
Build order — [GRR] Lemmit
First 150 of 590 actions detected
| 0:01 | Queue | Villager (Male) |
| 0:03 | Build | House |
| 0:05 | Build | House |
| 0:19 | Queue | Villager (Male) |
| 0:19 | Queue | Villager (Male) |
| 0:19 | Queue | Villager (Male) |
| 1:25 | Queue | Villager (Male) |
| 1:57 | Build | Lumber Camp |
| 2:02 | Queue | Villager (Male) |
| 2:17 | Queue | Villager (Male) |
| 2:52 | Queue | Villager (Male) |
| 3:10 | Queue | Villager (Male) |
| 3:39 | Queue | Villager (Male) |
| 3:53 | Queue | Villager (Male) |
| 4:02 | Build | House |
| 4:02 | Build | House |
| 4:29 | Queue | Villager (Male) |
| 4:43 | Build | Mill |
| 4:47 | Queue | Villager (Male) |
| 5:10 | Queue | Villager (Male) |
| 5:11 | Queue | Villager (Male) |
| 5:55 | Queue | Villager (Male) |
| 6:24 | Queue | Villager (Male) |
| 6:31 | Build | Barracks |
| 6:42 | Research | Loom |
| 7:37 | Build | Mining Camp |
| 7:45 | Research | Feudal Age |
| 8:06 | Queue | Militia |
| 8:31 | Queue | Militia |
| 8:32 | Queue | Militia |
| 8:36 | Build | House |
| 9:07 | Build | Mining Camp |
| 9:21 | Queue | Militia |
| 9:53 | Queue | Villager (Male) |
| 9:55 | Age | Feudal Age |
| 10:08 | Queue | Villager (Male) |
| 10:15 | Build | Mill |
| 10:25 | Queue | Villager (Male) |
| 10:29 | Build | House |
| 10:45 | Build | Watch Tower |
| 10:50 | Research | Man-at-Arms (upgrade) |
| 11:08 | Queue | Villager (Male) |
| 11:27 | Queue | Villager (Male) |
| 11:44 | Queue | Spearman |
| 12:02 | Build | Watch Tower |
| 12:15 | Queue | Villager (Male) |
| 12:34 | Research | Horse Collar |
| 12:41 | Queue | Villager (Male) |
| 12:41 | Queue | Villager (Male) |
| 13:06 | Build | Archery Range |
| 13:13 | Queue | Villager (Male) |
| 13:13 | Queue | Villager (Male) |
| 13:32 | Build | Farm |
| 13:34 | Build | Farm |
| 13:36 | Queue | Villager (Male) |
| 13:45 | Build | House |
| 13:50 | Queue | Villager (Male) |
| 14:20 | Queue | Villager (Male) |
| 14:24 | Build | Farm |
| 14:33 | Build | Farm |
| 14:39 | Queue | Villager (Male) |
| 14:46 | Build | House |
| 14:56 | Research | Double-Bit Axe |
| 15:09 | Queue | Villager (Male) |
| 15:12 | Build | Farm |
| 15:21 | Build | Watch Tower |
| 15:37 | Queue | Villager (Male) |
| 15:55 | Queue | Villager (Male) |
| 16:16 | Queue | Villager (Male) |
| 16:34 | Research | Town Watch |
| 16:36 | Build | Farm |
| 16:39 | Build | Farm |
| 16:44 | Queue | Archer |
| 16:44 | Queue | Archer |
| 16:46 | Queue | Villager (Male) |
| 16:59 | Build | Farm |
| 17:03 | Build | Farm |
| 17:06 | Queue | Villager (Male) |
| 17:16 | Queue | Skirmisher |
| 17:16 | Queue | Skirmisher |
| 17:26 | Build | Blacksmith |
| 17:28 | Queue | Villager (Male) |
| 17:35 | Build | House |
| 17:36 | Build | House |
| 17:39 | Build | House |
| 17:40 | Build | House |
| 17:51 | Build | Farm |
| 17:54 | Build | Farm |
| 18:00 | Research | Fletching |
| 18:09 | Queue | Villager (Male) |
| 18:18 | Build | Lumber Camp |
| 18:23 | Queue | Villager (Male) |
| 18:32 | Queue | Skirmisher |
| 18:35 | Queue | Villager (Male) |
| 18:51 | Build | Farm |
| 18:56 | Queue | Archer |
| 18:58 | Queue | Villager (Male) |
| 19:22 | Queue | Villager (Male) |
| 19:44 | Queue | Archer |
| 19:44 | Queue | Archer |
| 19:59 | Research | Wheelbarrow |
| 20:04 | Build | Siege Workshop |
| 20:12 | Build | Palisade Wall |
| 20:40 | Queue | Battering Ram |
| 20:50 | Build | Mill |
| 21:05 | Build | Palisade Wall |
| 21:12 | Build | Palisade Wall |
| 21:14 | Build | Palisade Wall |
| 21:18 | Build | Lumber Camp |
| 21:38 | Queue | Villager (Male) |
| 21:38 | Queue | Villager (Male) |
| 21:49 | Build | Palisade Wall |
| 21:53 | Build | Palisade Wall |
| 22:04 | Build | Palisade Gate |
| 22:17 | Queue | Villager (Male) |
| 22:57 | Research | Castle Age |
| 23:18 | Build | Watch Tower |
| 23:20 | Build | Mining Camp |
| 23:28 | Build | Farm |
| 23:39 | Build | Farm |
| 23:40 | Build | Farm |
| 23:41 | Build | Farm |
| 23:58 | Build | Town Center |
| 24:05 | Research | Scale Barding Armor |
| 24:24 | Build | Stable |
| 24:25 | Build | Stable |
| 24:29 | Research | Forging |
| 24:38 | Research | Gold Mining |
| 24:52 | Research | Stone Mining |
| 24:59 | Research | Bloodlines |
| 25:11 | Build | Farm |
| 25:37 | Age | Castle Age |
| 25:42 | Queue | Knight |
| 25:42 | Queue | Knight |
| 25:42 | Queue | Knight |
| 25:43 | Queue | Knight |
| 25:46 | Queue | Villager (Male) |
| 25:46 | Queue | Villager (Male) |
| 25:54 | Queue | Villager (Male) |
| 25:58 | Build | Farm |
| 25:59 | Build | Farm |
| 26:01 | Build | Farm |
| 26:17 | Queue | Villager (Male) |
| 26:32 | Build | Mining Camp |
| 26:37 | Build | Farm |
| 26:37 | Queue | Villager (Male) |
| 26:38 | Queue | Villager (Male) |
| 26:40 | Queue | Villager (Male) |
| 26:40 | Queue | Villager (Male) |
| 26:42 | Build | Farm |
Match timeline
| 6:31 | [GRR] Lemmit · first_building Barracks |
| 8:09 | matej · first_building Barracks |
| 8:17 | matej · wall_segment Palisade Wall x3 |
| 8:25 | matej · wall_segment Palisade Wall x7 |
| 9:18 | matej · age_up feudal |
| 9:24 | matej · first_building Stable |
| 9:55 | [GRR] Lemmit · age_up feudal |
| 10:57 | matej · first_building Archery Range |
| 13:06 | [GRR] Lemmit · first_building Archery Range |
| 13:37 | matej · wall_segment Palisade Wall x4 |
| 13:39 | matej · wall_segment Palisade Wall x10 |
| 14:24 | matej · wall_segment Palisade Wall x9 |
| 14:34 | matej · wall_segment Palisade Wall x6 |
| 19:11 | matej · first_market_buy 100 food |
| 20:04 | [GRR] Lemmit · first_building Siege Workshop |
| 20:12 | [GRR] Lemmit · wall_segment Palisade Wall x15 |
| 21:05 | [GRR] Lemmit · wall_segment Palisade Wall x17 |
| 21:12 | [GRR] Lemmit · wall_segment Palisade Wall x13 |
| 21:14 | [GRR] Lemmit · wall_segment Palisade Wall x1 |
| 21:49 | [GRR] Lemmit · wall_segment Palisade Wall x9 |
| 21:53 | [GRR] Lemmit · wall_segment Palisade Wall x6 |
| 22:27 | matej · age_up castle |
| 22:37 | matej · first_building Castle |
| 24:24 | [GRR] Lemmit · first_building Stable |
| 25:37 | [GRR] Lemmit · age_up castle |
| 26:00 | matej · first_market_sell 100 stone |
| 29:19 | [GRR] Lemmit · first_building Castle |
| 29:51 | matej · first_building Siege Workshop |
| 32:56 | [GRR] Lemmit · first_building Monastery |
| 45:22 | [GRR] Lemmit · age_up imperial |
| 48:56 | matej · first_building Monastery |
| 51:54 | matej · age_up imperial |
| 52:18 | [GRR] Lemmit · first_market_sell 500 wood |
| 54:36 | [GRR] Lemmit · first_market_buy 500 stone |
| 54:44 | matej · resign |
[ AI ANALYSIS · 1 CREDIT ]
What really happened in this match?
Wolo.gg analyzes every decision: build order, eco, micro, common mistakes by bracket. Personalized analysis on WhatsApp or Discord in 30 seconds.
Civ guide
Portuguese
Perfil
Jugador #357101